 Dungeon Crawl Stone Soup version 0.29-a0-43-g62a80824bf (webtiles) character file.

Game seed: 16451202093113106111

5493 dmks the Thaumaturge (level 10, -24/81 HPs)
             Began as a Purple Draconian Earth Elementalist on Feb 3, 2022.
             Was a Priest of Vehumet.
             Annihilated by an orc warlord (33 damage)
             ... in a bailey.
             The game lasted 00:43:37 (11102 turns).

dmks the Thaumaturge (DrEE)                        Turns: 11102, Time: 00:43:37

Health: -24/81     AC:  9    Str: 11    XL:     10   Next: 42%
Magic:  1/22       EV: 13    Int: 19    God:    Vehumet [***...]
Gold:   439        SH:  0    Dex: 12    Spells: 18/26 levels left

rFire   . . .      SeeInvis .   p - staff of earth
rCold   . . .      Faith    .   (no shield)
rNeg    . . .      Spirit   .   (armour unavailable)
rPois   .          Reflect  .   (helmet restricted)
rElec   .          Harm     .   (no cloak)
rCorr   .          Rampage  .   u - +1 pair of gloves
Will    +....                   (no boots)
Stlth   +++.......              e - amulet of regeneration
HPRegen 1.03/turn               w - ring of wizardry
MPRegen 0.18/turn               (no ring)

@: no status effects
A: breathe power, AC +7, unfitting armour, cold-blooded
a: Breathe Dispelling Energy, Renounce Religion


You were in a bailey.
You worshipped Vehumet.
Vehumet was most pleased with you.
You visited 2 branches of the dungeon, and saw 9 of its levels.
You also visited: Sewer, Ossuary and Bailey.

You collected 439 gold pieces.

Inventory:

Hand Weapons
 a - a +0 dagger
   (You took it off a goblin on level 1 of the Dungeon)
 f - a +2 dagger of holy wrath
   (You took it off a goblin on level 1 of the Dungeon)
 h - a +0 rapier
   (You found it on level 2 of the Dungeon)
 n - the +2 hand axe "Cunlo" {drain, rN+ Will+ Int-5 Dex+3}
   (You found it on level 3 of the Dungeon)

   A truly terrible weapon, it drains the life of any living foe it strikes.
   Int:       It affects your intelligence (-5).
   Dex:       It affects your dexterity (+3).
   rN:        It protects you from negative energy.
   Will:      It increases your willpower.
Missiles
 b - 98 stones
 c - 16 poisoned darts
Armour
 k - an orb of wrath
   (You found it on level 2 of the Dungeon)
 s - an orb of light
   (You found it on level 4 of the Dungeon)
 u - a +1 pair of gloves (worn)
   (You found it on level 4 of the Dungeon)
Magical Staves
 p - a staff of earth (weapon)
   (You found it on level 3 of the Dungeon)
Jewellery
 e - an amulet of regeneration (around neck)
   (You found it on level 1 of the Dungeon)
 w - a ring of wizardry (left hand)
   (You found it on level 4 of the Dungeon)
Wands
 v - a wand of digging (4)
   (You took it off a kobold on level 7 of the Dungeon)
Scrolls
 d - 2 scrolls of identify {@r1}
 g - a scroll of fog
 l - 5 scrolls of enchant armour
 r - 2 scrolls of teleportation {@r4}
 t - 2 scrolls of amnesia {unknown}
 y - a scroll of silence {unknown}
 C - a scroll of vulnerability {unknown}
 E - 2 scrolls of magic mapping {unknown}
Potions
 i - a potion of lignification {unknown}
 j - a potion of might
 m - 2 potions of heal wounds {@q2}
 o - a potion of curing {@q1}
 q - 6 potions of flight
 z - a potion of magic {unknown}
 A - a potion of haste {unknown}
 B - a potion of degeneration {unknown}
 D - a potion of mutation {unknown}
 F - a potion of berserk rage {unknown}


   Skills:
 + Level 5.2 Fighting
 + Level 5.1 Dodging
 - Level 5.0 Stealth
 * Level 8.8 Spellcasting
 + Level 3.0 Conjurations
 - Level 4.1 Transmutations
 * Level 8.3 Earth Magic
 + Level 4.9 Evocations


You had 18 spell levels left.
You knew the following spells:

 Your Spells              Type           Power      Damage    Failure   Level
a - Sandblast             Erth           100%       2d20      1%          1
b - Petrify               Tmut/Erth      48%        N/A       2%          4
x - Stone Arrow           Conj/Erth      88%        3d12      1%          3

Your spell library contained the following spells:

 Spells                   Type           Power      Damage    Failure   Level
 Mephitic Cloud           Conj/Pois/Air  12%        N/A       2%          3
 Passwall                 Tmut/Erth      40%        N/A       1%          2
 Animate Skeleton         Necr           16%        N/A       3%          1
 Pain                     Necr           32%        1d5       3%          1
 Inner Flame              Hex/Fire       8%         N/A       3%          3
 Spider Form              Tmut/Pois      16%        N/A       4%          3
 Ensorcelled Hibernation  Hex/Ice        16%        N/A       5%          2
 Sublimation of Blood     Necr           8%         N/A       5%          2
 Leda's Liquefaction      Hex/Erth       18%        N/A       6%          4
 Irradiate                Conj/Tmut      11%        3d17      6%          5
 Call Canine Familiar     Summ           8%         N/A       11%         3
 Portal Projectile        Hex/Tloc       16%        N/A       11%         3
 Summon Guardian Golem    Hex/Summ       8%         N/A       11%         3
 Vampiric Draining        Necr           8%         2d6       11%         3
 Anguish                  Hex/Necr       4%         N/A       32%         4
 Cause Fear               Hex            4%         N/A       32%         4
 Orb of Destruction       Conj           9%         9d6       83%         7
 Spellforged Servitor     Conj/Summ      7%         N/A       95%         7
 Discord                  Hex            4%         N/A       100%        8


Dungeon Overview and Level Annotations

Branches:
Dungeon (8/15)             Temple (1/1) D:4           Sewer (visited)
Ossuary (visited)          Bailey (1/1)
   Lair: D:8-11

Altars:
Ashenzari
Cheibriados
Dithmenos
Elyvilon
Gozag
Hepliaklqana
Kikubaaqudgha
Makhleb
Nemelex Xobeh
Okawaru
Qazlal
Ru
Sif Muna
Trog
Uskayaw
Vehumet
Xom
Yredelemnul
Zin
The Shining One

Shops:
D:8 *

Annotations:
D:3 3 runed translucent doors, SlyGuyMcFly's ghost, amateur FeFi
D:7 2 transporters, Yorgos's ghost, novice DsBe
D:8 3 runed translucent doors, earlgrey's ghost, novice TrBe


Innate Abilities, Weirdness & Mutations

You can breathe bolts of dispelling energy.
Your rich purple scales are hard. (AC +7)
You cannot fit into any form of body armour.
You are cold-blooded and may be slowed by cold attacks.


Message History

Unknown command.
Unknown command.
Unknown command.
Unknown command.
Unknown command.
Aim: an orc warlord, wielding a +1 long sword, wearing a +0 plate armour and wearing a +0 kite shield (chance to affect: 27%)
The orc warlord easily resists.
There is an open door, spattered with blood here.
Things that are here:
a +0 war axe; a +0 ring mail; an orc skeleton
Aim: an orc warlord, wielding a +1 long sword, wearing a +0 plate armour and wearing a +0 kite shield (89% to hit)
You feel a surge of power!
The orc warlord blocks the stone arrow.
Okay, then.
Okay, then.
Okay, then.
Aim: an orc, wielding a +0 hand axe and wearing a +0 leather armour (chance to affect: 77%)
The orc is charmed.
The now-empty wand crumbles to dust.
The orc warlord roars a battlecry!
Items here: )))) [[[[.
You swap places.
The orc warlord hits your orc with a +1 long sword!!!
Your orc dies!
Aim: an orc warlord, wielding a +1 long sword, wearing a +0 plate armour and wearing a +0 kite shield (89% to hit)
You feel a surge of power!
The stone arrow hits the orc warlord!!
Aim: an orc warlord, wielding a +1 long sword, wearing a +0 plate armour and wearing a +0 kite shield (lightly wounded, 89% to hit)
You feel a surge of power!
The orc warlord blocks the stone arrow.
There is an open door here.
Things that are here:
a +0 hand axe; a +0 leather armour; a gnoll skeleton You don't have enough magic to cast this spell.
There is an open gate here.
Aim: an orc warlord, wielding a +1 long sword, wearing a +0 plate armour and wearing a +0 kite shield (lightly wounded, 92% to hit)
You feel a surge of power!
The blast of sand hits the orc warlord but does no damage.
The orc warlord hits you with a +1 long sword!!!
Aim: an orc warlord, wielding a +1 long sword, wearing a +0 plate armour and wearing a +0 kite shield (lightly wounded, 89% to hit)
You feel a surge of power!
The stone arrow hits the orc warlord!
The orc warlord hits you with a +1 long sword!!
* * * LOW HITPOINT WARNING * * *
You feel much better.
The orc warlord hits you with a +1 long sword.
* * * LOW HITPOINT WARNING * * *
You don't have enough magic to cast this spell.
You don't have enough magic to cast this spell.
The orc warlord hits you with a +1 long sword!!
* * * LOW HITPOINT WARNING * * *
As you read the scroll of fog, it crumbles to dust.
The scroll dissolves into smoke.
The orc warlord hits you with a +1 long sword!!
You die...

♣♣♣♣♣♣
♣♣♣§♣♣§♣♣
♣♣♣...§@§§♣♣
♣.....o§§..♣
♣♣...§§..§.♣♣
♣..........♣
♣....∩....♣♣
♣♣.......♣♣
♣........♣
♣♣##'''##♣
##.....##


You could see an orc warlord.

Vanquished Creatures
  A wyvern (D:7)
  3 water moccasins
  Duvessa (D:5)
  8 orc warriors (Bailey)
  2 black bears
  An ice beast (D:7)
  A necrophage (D:4)
  2 sky beasts (D:7)
  2 ogres
  A centaur (D:6)
  4 kobold brigands
  2 phantoms (D:3)
  5 elf zombies (Ossuary)
  3 bullfrogs
  A gnoll sergeant (D:6)
  2 scorpions
  A wyvern skeleton (D:6)
  2 water moccasin skeletons
  Dowan (D:5)
  5 killer bees (D:7)
  10 wights
  2 bullfrog zombies (D:5)
  3 hounds
  3 centaur zombies
  5 human zombies (Ossuary)
  An orc priest (D:7)
  2 jellies
  A centaur skeleton (D:5)
  2 iguanas
  4 orc wizards
  A killer bee zombie (D:5)
  3 mummies (Ossuary)
  A howler monkey zombie (D:8)
  4 gnolls
  A howler monkey skeleton (D:6)
  7 adders
  A river rat (Sewer)
  A white imp (D:7)
  An ufetubus (D:5)
  2 worms (D:3)
  5 dart slugs
  25 orcs
  3 bats
  2 endoplasms
  A giant cockroach (D:4)
  20 hobgoblins
  8 jackals
  4 quokkas
  3 ball pythons
  A frilled lizard (D:1)
  16 goblins
  24 kobolds
  9 rats
224 creatures vanquished.

Vanquished Creatures (collateral kills)
  An orc knight (Bailey)
1 creature vanquished.

Vanquished Creatures (others)
  A gnoll (Bailey)
  An orc (Bailey)
  A fungus (D:3)
  5 plants
8 creatures vanquished.

Grand Total: 233 creatures vanquished

Notes
Turn   | Place    | Note
-------+----------+-------------------------------------------
     0 | D:1      | dmks the Draconian Earth Elementalist began the quest for
                  | the Orb.
     0 | D:1      | Reached XP level 1. HP: 14/14 MP: 3/3
   256 | D:1      | Reached XP level 2. HP: 20/20 MP: 5/5
   923 | D:2      | Noticed an ogre
  1129 | D:1      | Killed an ogre
  1130 | D:1      | Reached XP level 3. HP: 6/26 MP: 1/7
  1130 | D:1      | Reached XP level 4. HP: 8/33 MP: 1/8
  1787 | D:2      | Reached XP level 5. HP: 36/38 MP: 6/9
  2162 | D:3      | Identified the +2 hand axe "Cunlo" {drain, rN+ Will+ Int-5
                  | Dex+3}
  2179 | D:3      | Found a faded altar of an unknown god.
  2311 | D:3      | Learned a level 3 spell: Stone Arrow
  2863 | D:3      | Found a runed translucent gate.
  2865 | D:3      | Found a runed translucent gate.
  2865 | D:3      | Found a runed translucent gate.
  2865 | D:3      | Noticed SlyGuyMcFly's ghost (amateur FeFi)
  2936 | D:3      | Reached skill level 1 in Fighting
  3096 | D:3      | Reached XP level 6. HP: 47/47 MP: 9/11
  3334 | D:4      | Found an ancient bone altar of Kikubaaqudgha.
  3339 | D:4      | Found a staircase to the Ecumenical Temple.
  3760 | D:4      | Found a glowing drain.
  3771 | Sewer    | Entered a sewer
  3879 | Sewer    | Your scales start taking on a rich purple colour.
  3879 | Sewer    | Reached XP level 7. HP: 29/53 MP: 0/14
  4005 | Sewer    | Found a glowing silver altar of Zin.
  4133 | D:4      | Reached skill level 5 in Earth Magic
  4136 | D:4      | Reached skill level 5 in Spellcasting
  4259 | D:3      | Reached skill level 1 in Evocations
  4364 | D:4      | Found a stormy altar of Qazlal.
  4440 | D:4      | Learned a level 4 spell: Petrify
  4571 | Temple   | Entered the Ecumenical Temple
  4820 | Temple   | Became a worshipper of Vehumet
  4969 | D:5      | Entered Level 5 of the Dungeon
  4973 | D:5      | Reached XP level 8. HP: 62/62 MP: 6/16
  5981 | D:5      | Noticed Duvessa
  6003 | D:5      | Killed Duvessa
  6133 | D:5      | Noticed Dowan
  6148 | D:5      | Killed Dowan
  6887 | D:6      | Reached XP level 9. HP: 71/71 MP: 3/19
  6996 | D:6      | Found a sand-covered staircase.
  7132 | D:6      | Reached * piety under Vehumet
  7132 | D:6      | Offered knowledge of Shock by Vehumet.
  7201 | Ossuary  | Entered an ossuary
  7806 | Ossuary  | Reached skill level 1 in Conjurations
  8725 | D:7      | Found a transporter.
  8750 | D:7      | Noticed a two-headed ogre
  8753 | D:7      | Noticed Yorgos's ghost (novice DsBe)
  8754 | D:7      | Noticed a moth of wrath
  8766 | D:7      | Found a bloodstained altar of Trog.
  8773 | D:7      | Found a transporter.
  9022 | D:7      | Reached skill level 5 in Stealth
  9097 | D:7      | Reached ** piety under Vehumet
  9097 | D:7      | Offered knowledge of Magic Dart by Vehumet.
  9289 | D:7      | Reached XP level 10. HP: 80/80 MP: 6/22
 10154 | D:8      | Found Pyclecam's Elemental Accessories.
 10172 | D:8      | Found a runed translucent gate.
 10172 | D:8      | Found a runed translucent gate.
 10173 | D:8      | Found a runed translucent gate.
 10381 | D:8      | Noticed earlgrey's ghost (novice TrBe)
 10413 | D:8      | Found a glowing golden altar of the Shining One.
 10425 | D:8      | Found a sacrificial altar of Ru.
 10428 | D:8      | Found a flagged portal.
 10442 | Bailey   | Entered a bailey
 10523 | Bailey   | Offered knowledge of Mephitic Cloud by Vehumet.
 10812 | Bailey   | Noticed an orc knight
 10829 | Bailey   | Reached skill level 5 in Fighting
 10837 | Bailey   | Reached skill level 5 in Dodging
 10877 | Bailey   | Killed an orc knight
 11035 | Bailey   | Reached *** piety under Vehumet
 11052 | Bailey   | Noticed an orc warlord
 11102 | Bailey   | Annihilated by an orc warlord

Illustrated notes

Levels and vault maps discovered:
D:1:      lemuel_arrival_room, layout_loops_cross, serial_rivers,
          chequers_serial_rivers_micro_e, chequers_serial_rivers_room_a,
          chequers_serial_rivers_micro_a, chequers_serial_rivers_micro_e,
          chequers_serial_rivers_micro_c
D:2:      layout_basic, serial_bayou, serial_bayou_pond_e, serial_bayou_shore_b,
          serial_bayou_shore_a, serial_bayou_pond_e, serial_bayou_lake_a,
          kennysheep_generic_room_6
D:3:      layout_loops_ring, gammafunk_ghost_nasty_kobolds,
          ebering_ecumenical_altar_webs, minmay_unequal
D:4:      layout_rooms, nicolae_qazlal_scattered_showers,
          kiku_gazebo_pond_becter, minmay_temple_entry_purple_smoke,
          portal_sewer_entry_d
D:5:      layout_cave_pools, uniq_duvessa
D:6:      layout_rooms, nicolae_ossuary_entry_ruins, minmay_statues_item
D:7:      layout_basic, gammafunk_ghost_wrathful_warriors
D:8:      layout_layer_cave, mainiacjoe_overflow_large_starburst,
          mainiacjoe_overflow_chevrons, enter_bailey_2, gammafunk_ghost_icy,
          dk_vineyard_3, minmay_parallelograms, nicolae_elemental_shop,
          serial_bayou_lagoon_b, uniq_maurice
Temple:   nicolae_temple_elliptical
Bailey:   bailey_axe_minmay_hex_keep, bailey

Skill      XL: |  1  2  3  4  5  6  7  8  9 10 |
---------------+-------------------------------+-----
Dodging        | 2 3 4 5 |  5.1
Stealth        | 2 3 4 5 |  5.0
Spellcasting   | 3 4 5 6 8 |  8.8
Earth Magic    | 4 5 6 7 8 |  8.3
Transmutations | 2 3 4 |  4.1
Fighting       | 1 2 3 4 5 |  5.2
Evocations     | 1 3 4 |  4.9
Conjurations   | 2 3 |  3.0

Action                   |  1- 3 |  4- 6 |  7- 9 | 10-12 || total
-------------------------+-------+-------+-------+-------++-------
Melee: Unarmed           |     4 |       |       |       ||     4
       Dagger            |    37 |    54 |       |       ||    91
       Tailslap          |     3 |    10 |     2 |       ||    15
       Staff             |       |    33 |    17 |     1 ||    51
       Punch             |       |     1 |       |       ||     1
 Cast: Sandblast         |    15 |    58 |    81 |    35 ||   189
       Stone Arrow       |       |    14 |   130 |    58 ||   202
       Petrify           |       |       |     4 |       ||     4
 Abil: Breathe Dispellin |       |       |     6 |     4 ||    10
Evoke: Wand              |       |       |       |     8 ||     8
  Use: Potion            |       |     2 |       |     1 ||     3
       Scroll            |       |       |     8 |     1 ||     9
 Stab: Sleeping          |       |     2 |       |       ||     2
Armor: Skin              |    23 |    56 |    49 |    14 ||   142
Dodge: Dodged            |    36 |    93 |    81 |    27 ||   237

Table legend: (Time is in decaauts)
 A = Elapsed time spent in this place.
 B = Non-inter-level travel time spent in this place.
 C = Inter-level travel time spent in this place.
 D = Time resting spent in this place.
 E = Time spent auto-exploring this place.
 F = Levels seen in this place.
 G = Mean time per level.
                   A        B        C        D        E       F      G
               +--------+--------+--------+--------+--------+-----+--------+
         Total |  11255 |  10987 |    268 |   3317 |   3941 |  12 |  937.9 |
       Dungeon |   9140 |   8885 |    255 |   2154 |   3646 |   8 | 1142.5 |
        Temple |    262 |    249 |     13 |     92 |    110 |   1 |  262.0 |
         Sewer |    332 |    332 |      0 |     92 |    149 |   1 |  332.0 |
       Ossuary |    859 |    859 |      0 |    590 |     21 |   1 |  859.0 |
        Bailey |    660 |    660 |      0 |    389 |     15 |   1 |  660.0 |
               +--------+--------+--------+--------+--------+-----+--------+

Top non-repeatable levels by time:
     D:3: 1629 daAuts
     D:7: 1579 daAuts
     D:5: 1462 daAuts
     D:2: 1169 daAuts
     D:6: 1142 daAuts
     D:1: 1050 daAuts
     D:4: 908 daAuts
 Ossuary: 859 daAuts
  Bailey: 660 daAuts
   Sewer: 332 daAuts
  Temple: 262 daAuts
     D:8: 198 daAuts
